 Dungeon Crawl Stone Soup version 0.25.1-2-g60ff931df9 (webtiles) character file.

Game seed: 11920563557923769580

14364 hawla the Cruncher (level 11, -7/145 HPs)
             Began as a Minotaur Gladiator on Oct 18, 2020.
             Was an Initiate of Gozag.
             Killed from afar by a fire dragon (44 damage)
             ... with a blast of flame
             ... on level 11 of the Dungeon.
             The game lasted 00:34:32 (15953 turns).

hawla the Cruncher (Minotaur Gladiator)            Turns: 15953, Time: 00:34:33

Health: -7/145     AC: 25    Str: 22    XL:     11   Next: 87%
Magic:  10/10      EV:  2    Int:  5    God:    Gozag
Gold:   1214       SH:  0    Dex: 12    Spells: 10/10 levels left

rFire    . . .     SeeInvis .   m - +0 mace (holy)
rCold    . . .     Gourm    .   (no shield)
rNeg     + + +     Faith    .   (armour currently unavailable)
rPois    +         Spirit   .   (helmet unavailable)
rElec    .         Reflect  .   (cloak currently unavailable)
rCorr    .         Harm     .   (gloves currently unavailable)
MR       .....     Clarity  +   (boots currently unavailable) Stlth +.........NoTele +
                                (no amulet)
HPRegen  0.34/turn              H - +4 ring of evasion
MPRegen  0.12/turn              (no ring)

@: tree-form
A: (retaliatory headbutt), clarity, subdued magic 1
a: Potion Petition, Call Merchant, Bribe Branch, Renounce Religion


You were on level 11 of the Dungeon.
You worshipped Gozag.
Gozag was most pleased with you.
You were full.
You were a tree.
You visited 2 branches of the dungeon, and saw 12 of its levels.
You also visited: Sewer and Ossuary.

You collected 2080 gold pieces.
You spent 763 gold pieces at shops.
You paid 103 gold pieces to Gozag.

Inventory:

Hand Weapons
 a - a +0 quarterstaff
 g - a +0 whip of electrocution
 m - a +0 mace of holy wrath (weapon)
 r - a +0 hand axe of flaming
 E - a +2 mace of protection
Missiles
 n - 45 poisoned darts (quivered)
 x - a throwing net
 G - 4 boomerangs of dispersal
 P - 2 boomerangs
 S - 6 javelins
 V - 3 atropa-tipped darts
Armour
 c - a +0 pair of gloves (melded)
 C - a +2 ring mail of cold resistance
 F - a +3 scale mail of fire resistance (melded)
 Q - a +0 plate armour
 T - a +0 pair of boots (melded)
 W - the +3 hat of Pondering {ponderous, MR+ MP+10 Int+5}
   (You found it on level 11 of the Dungeon)

   It affects your intelligence (+5).
   It affects your resistance to hostile enchantments.
   It affects your magic capacity (+10).
Magical Staves
 D - an uncursed staff of earth {unknown}
 J - an uncursed staff of fire {unknown}
Jewellery
 p - an uncursed ring of ice {unknown}
 w - an uncursed ring of protection from magic {unknown}
 H - a +4 ring of evasion (left branch)
Wands
 q - a wand of enslavement (5)
 A - a wand of random effects (33)
 O - a wand of iceblast (20)
Scrolls
 d - 17 scrolls of identify
 h - 4 scrolls of magic mapping
 i - 10 scrolls of remove curse
 s - a scroll of enchant armour
 v - 5 scrolls of teleportation
 y - 2 scrolls of fog
 I - a scroll of blinking {unknown}
 N - 2 scrolls of enchant weapon {unknown}
 U - a scroll of holy word {unknown}
Potions
 b - 4 potions of magic
 e - 2 potions of haste
 j - 13 potions of curing
 k - 2 potions of might
 l - a potion of stabbing
 o - a potion of invisibility
 t - 4 potions of flight {unknown}
 u - 3 potions of brilliance
 z - 2 potions of lignification
 B - 2 potions of berserk rage
 K - a potion of resistance {unknown}
 L - a potion of ambrosia {unknown}
Miscellaneous
 M - a lightning rod (1/4)
 R - a tin of tremorstones (3/3)
Comestibles
 f - 22 rations


   Skills:
 + Level 9.3 Fighting
 + Level 2.7(5.1) Axes
 + Level 6.9(11.2) Maces & Flails
 + Level 13.4(13.9) Staves
 + Level 2.4 Throwing
 + Level 10.0 Armour
 * Level 10.4 Dodging
 + Level 0.1 Evocations


You had 10 spell levels left.
You didn't know any spells.
Your spell library contained the following spells:

 Spells                   Type           Power        Failure   Level  Hunger
 Animate Skeleton         Necr           N/A          43%         1    ##.....
 Apportation              Tloc           #.....       43%         1    ##.....
 Corona                   Hex            #......      43%         1    ##.....
 Foxfire                  Conj/Fire      #...         43%         1    ##.....
 Sandblast                Erth           #.....       43%         1    ##.....
 Summon Small Mammal      Summ           #...         43%         1    ##.....
 Passwall                 Tmut/Erth      #.......     58%         2    ###....
 Conjure Flame            Conj/Fire      #.......     82%         3    ####...
 Inner Flame              Hex/Fire       #.......     82%         3    ####...
 Stone Arrow              Conj/Erth      #.....       82%         3    ####...
 Cause Fear               Hex            #.........   99%         4    #####..
 Petrify                  Tmut/Erth      #.......     99%         4    #####..
 Sticky Flame             Conj/Fire      #.......     99%         4    #####..
 Fireball                 Conj/Fire      #.........   100%        5    ######.
 Lee's Rapid Deconstruct  Erth           #.........   100%        5    ######.
 Silence                  Hex/Air        #.........   100%        5    ######.
 Yara's Violent Unravell  Hex/Tmut       #.........   100%        5    ######.
 Discord                  Hex            #.........   100%        8    #######


Dungeon Overview and Level Annotations

Branches:
Dungeon (11/15)            Temple (1/1) D:7            Lair (0/6) D:10
    Orc (0/2) D:11          Sewer (visited)         Ossuary (visited)

Altars:
Ashenzari
Cheibriados
Elyvilon
Fedhas
Gozag
Hepliaklqana
Kikubaaqudgha
Makhleb
Nemelex Xobeh
Okawaru
Qazlal
Trog
Uskayaw
Vehumet
Wu Jian
Xom
Yredelemnul
Zin
The Shining One

Shops:
D:5 !   D:11 *


Innate Abilities, Weirdness & Mutations

((You reflexively headbutt those who attack you in melee.))
((You have a pair of large horns on your head.))
You possess an exceptional clarity of mind.
Your spells are a little easier to cast, but a little less powerful.


Message History

The fire dragon is severely wounded.
The fire dragon completely misses you. You furiously retaliate!
You headbutt the fire dragon! The fire dragon closely misses you.
The fire dragon tramples you but does no damage.
The shadow hits you.
* * * LOW HITPOINT WARNING * * *
You feel better. The fire dragon completely misses you.
The fire dragon closely misses you. The fire dragon tramples you!
* * * LOW HITPOINT WARNING * * *
You hold your ground!
The shadow hits you.
Really quaff the potion of lignification?
You turn into a tree.
Your +0 pair of gloves melds into your body.
Your +0 pair of boots melds into your body.
Your +3 scale mail of fire resistance melds into your body.
You feel less resistant to fire.
Your roots penetrate the ground.
The fire dragon breathes flames at you. The blast of flame hits you!!!
You die...
Your body crumbles into a pile of gold.

#.# ####....##
#.#...#+###.. #.#
#.##.....##
#.#.###.###..
#.###.######..#
#.#.......#.. #.#.#.#
##.####.#..........
#.#)#.##
##.##.....#...#.#..
##.#.#.#
#.###.#.#.#.)......
###.#.#
####$.#...#...#.....#
#.#.#
#..W#######..###(..##
###.# ####♣D..#
#...#).(.(#
#.#}....#####
#.#.).###(( ########
#.#.).# ##( #.#
######'#...###.. #.###
#........#.....# #.#.#
#.......###...##
#.#)####........#.....#
#.#.#.#####'###........
##.#.#.# #............


You could see a fire dragon (catching breath) and a shadow.

Vanquished Creatures
  A fire giant (D:11)
  An ettin (D:11)
  A hydra (D:9)
  A skeletal warrior (D:10)
  An unseen horror (D:10)
  An ugly thing (D:11)
  2 gargoyles (D:10)
  An efreet (D:11)
  2 komodo dragons (D:11)
  A troll (D:10)
  2 dream sheep (D:9)
  A wraith (D:11)
  8 yaks (D:9)
  2 hungry ghosts (D:9)
  2 wargs
  A water moccasin (D:5)
  A soldier ant (D:11)
  11 orc warriors
  5 sky beasts
  A swamp drake (D:11)
  2 ice beasts (D:10)
  A black bear (D:11)
  6 ogres
  6 centaurs
  A crocodile (D:11)
  8 big kobolds
  5 bullfrogs
  2 gnoll sergeants
  A wyvern skeleton (D:11)
  4 scorpions
  5 killer bees (D:8)
  3 howler monkeys (D:7)
  2 electric eels (D:11)
  2 centaur zombies
  3 crimson imps
  2 jellies
  A quasit (D:8)
  3 hounds
  13 orc priests
  4 bullfrog skeletons
  A centaur skeleton (D:9)
  9 orc wizards
  Ijyb (D:3)
  2 iguanas
  6 worker ants
  A hound zombie (D:11)
  A hound skeleton (D:4)
  5 mummies
  A howler monkey zombie (D:5)
  2 worker ant zombies
  15 gnolls
  A howler monkey skeleton (D:4)
  15 adders
  3 river rats (Sewer)
  2 shadow imps
  3 oozes
  3 adder skeletons
  5 worms
  3 dart slugs (D:3)
  4 leopard geckos
  46 orcs
  4 bats
  4 giant cockroaches
  2 goblins
  8 hobgoblins
  7 jackals
  26 kobolds
  9 quokkas
  4 ball pythons
  8 frilled lizards
  A gnoll zombie (Ossuary)
  3 goblin zombies (Ossuary)
  A kobold zombie (Ossuary)
  A leopard gecko skeleton (D:4)
  2 orc zombies (Ossuary)
  26 rats
355 creatures vanquished.

Vanquished Creatures (others)
  A gnoll (D:11)
  An adder (D:11)
  2 plants (D:9)
4 creatures vanquished.

Grand Total: 359 creatures vanquished

Notes
Turn   | Place    | Note
-------+----------+-------------------------------------------
     0 | D:1      | hawla the Minotaur Gladiator began the quest for the Orb.
     0 | D:1      | Reached XP level 1. HP: 18/18 MP: 0/0
    78 | D:1      | Reached XP level 2. HP: 25/25 MP: 1/1
   221 | D:1      | Reached skill level 4 in Staves
   646 | D:2      | Reached XP level 3. HP: 30/30 MP: 2/2
  1349 | D:3      | Found a glowing drain.
  1357 | D:3      | Gained mutation: Your spells are a little easier to cast,
                  | but a little less powerful. [potion of mutation]
  1357 | D:3      | Gained mutation: You have a pair of large horns on your
                  | head. [potion of mutation]
  1357 | D:3      | Gained mutation: You possess an exceptional clarity of
                  | mind. [potion of mutation]
  1360 | Sewer    | Entered a sewer
  1694 | Sewer    | Reached skill level 1 in Armour
  1695 | Sewer    | Reached XP level 4. HP: 29/37 MP: 3/3
  2264 | Sewer    | Reached skill level 5 in Staves
  2275 | Sewer    | Noticed a big kobold
  2275 | Sewer    | Noticed a big kobold
  2283 | Sewer    | Killed a big kobold
  2283 | Sewer    | Reached XP level 5. HP: 21/45 MP: 4/4
  2290 | Sewer    | Reached skill level 5 in Dodging
  2290 | Sewer    | Reached XP level 6. HP: 37/52 MP: 5/5
  2696 | D:4      | Found a shimmering altar of Xom.
  2696 | D:4      | Found a shimmering altar of Xom.
  2696 | D:4      | Found a shimmering altar of Xom.
  2697 | D:4      | Found a shimmering altar of Xom.
  2698 | D:4      | Found a shimmering altar of Xom.
  2782 | D:4      | Found a sand-covered staircase.
  2792 | Ossuary  | Entered an ossuary
  3125 | Ossuary  | Reached skill level 6 in Staves
  3403 | D:4      | You fall into a shaft and drop 3 floors!
  3422 | D:7      | Found a white marble altar of Elyvilon.
  3472 | D:6      | Found a sparkling altar of Nemelex Xobeh.
  3502 | D:5      | Entered Level 5 of the Dungeon
  3718 | D:5      | Reached XP level 7. HP: 59/59 MP: 6/6
  3787 | D:3      | Reached skill level 7 in Staves
  3938 | D:3      | Noticed Ijyb
  3947 | D:3      | Killed Ijyb
  4776 | D:3      | Reached skill level 1 in Maces & Flails
  6092 | D:4      | Reached XP level 8. HP: 67/67 MP: 7/7
  6107 | D:4      | Reached skill level 8 in Staves
  6279 | D:4      | Reached skill level 5 in Fighting
  6523 | D:5      | Reached skill level 9 in Staves
  6814 | D:5      | Found Buysula's Distillery.
  6821 | D:5      | Bought a potion of heal wounds for 50 gold pieces
  7111 | D:6      | Found a white marble altar of Elyvilon.
  7533 | D:7      | Found a staircase to the Ecumenical Temple.
  7541 | Temple   | Entered the Ecumenical Temple
  7547 | Temple   | Became a worshipper of Gozag Ym Sagoz the Greedy
  7568 | D:7      | Reached skill level 10 in Staves
  7586 | D:7      | Found a burning altar of Makhleb.
  7586 | D:7      | Found a bloodstained altar of Trog.
  7591 | D:7      | Found a hide-covered altar of Uskayaw.
  7593 | D:7      | Found a faded altar of an unknown god.
  7595 | D:7      | Found a faded altar of an unknown god.
  7896 | D:8      | Reached XP level 9. HP: 75/75 MP: 8/8
  8334 | D:8      | Reached skill level 11 in Staves
  8983 | D:9      | Reached skill level 5 in Armour
  9586 | D:9      | Noticed a three-headed hydra
  9605 | D:9      | Killed a three-headed hydra
  9605 | D:9      | Reached XP level 10. HP: 82/86 MP: 9/9
  9737 | D:9      | Reached skill level 12 in Staves
  9767 | D:9      | Reached skill level 5 in Maces & Flails
 10585 | D:10     | Entered Level 10 of the Dungeon
 10676 | D:5      | Bought a potion of degeneration for 10 gold pieces
 10676 | D:5      | Bought a potion of magic for 80 gold pieces
 10676 | D:5      | Bought a potion of curing for 30 gold pieces
 10676 | D:5      | Bought a potion of curing for 30 gold pieces
 10676 | D:5      | Bought a potion of might for 40 gold pieces
 10676 | D:5      | Bought a potion of lignification for 30 gold pieces
 10676 | D:5      | Bought a potion of lignification for 30 gold pieces
 10676 | D:5      | Bought a potion of haste for 100 gold pieces
 10676 | D:5      | Bought a potion of lignification for 30 gold pieces
 11246 | D:10     | Found a staircase to the Lair.
 11490 | D:10     | Noticed a skeletal warrior
 11529 | D:10     | Killed a skeletal warrior
 11529 | D:10     | Reached XP level 11. HP: 44/94 MP: 10/10
 11717 | D:10     | Reached skill level 1 in Axes
 12562 | D:10     | Killed an unseen horror
 12867 | D:11     | Found Poliusogg's General Store.
 12903 | D:11     | Bought a ration for 70 gold pieces
 12903 | D:11     | Bought 3 atropa-tipped darts for 25 gold pieces
 12903 | D:11     | Bought a ration for 70 gold pieces
 12903 | D:11     | Bought a ration for 70 gold pieces
 12903 | D:11     | Bought a ration for 70 gold pieces
 12903 | D:11     | Bought a scroll of identify for 28 gold pieces
 13889 | D:11     | Reached skill level 10 in Dodging
 14108 | D:11     | Noticed a fire giant
 14564 | D:11     | Found a staircase to the Orcish Mines.
 14930 | D:11     | HP: 4/95 [fire giant/+0 great sword of flaming (4)]
 14936 | D:11     | Killed a fire giant
 14936 | D:11     | Reached skill level 13 in Staves
 15192 | D:11     | Found the +3 hat of Pondering {ponderous, MR+ MP+10 Int+5}
 15349 | D:11     | Noticed an ettin
 15352 | D:11     | Killed an ettin
 15633 | D:11     | Noticed a cyan ugly thing
 15646 | D:11     | Killed a cyan ugly thing
 15646 | D:11     | Reached skill level 10 in Armour
 15939 | D:11     | Noticed a fire dragon
 15953 | D:11     | Killed from afar by a fire dragon

Illustrated notes

Levels and vault maps discovered:
D:1:      minmay_arrival_five_plusses, layout_rooms, item_on_display_a
D:2:      layout_loops_corners
D:3:      layout_basic, cheibrodos_sewer_entry_bend, uniq_ijyb
D:4:      layout_loops_ring, xom_redecorated, first_ration,
          gup_ossuary_entry_pyramid, minmay_joined_circles
D:5:      layout_loops_ring, serial_shops, shop
D:6:      layout_rooms, nemelex_xobeh_ov_fountains_minmay,
          lemuel_coloured_pillars_altar
D:7:      layout_cave_pools, chequers_temple_overflow_minitemple,
          minmay_temple_entry_hall, elyvilon_altar_5
D:8:      layout_loops_ring
D:9:      layout_cave_pools, hangedman_ranch [blue_anna_fruit_fields],
          lightli_orcish_oven
D:10:     minmay_opposing_rooms, layout_basic, erik_lair_orcish_takeover
D:11:     minmay_chopped_fan, layout_basic, erik_orc_1, serial_shops, shop,
          minmay_strange_pillars, kennysheep_big_empty_room
Temple:   nicolae_temple_x_marks_the_god

Skill      XL: |  1  2  3  4  5  6  7  8  9 10 11 |
---------------+----------------------------------+-----
Staves         | 4 5 6 7 10 11 12 13 | 13.4
Dodging        | 4 5 6 7 8 9 10 | 10.4
Armour         | 1 2 3 6 8 10 | 10.0
Fighting       | 3 4 5 7 8 9 |  9.3
Maces & Flails | 3 4 6 |  6.9
Axes           | 2 |  2.7
Throwing       | |  2.4
Evocations     | |  0.1

Action                   |  1- 3 |  4- 6 |  7- 9 | 10-12 || total
-------------------------+-------+-------+-------+-------++-------
Melee: Quarterstaff      |    47 |   131 |   287 |   260 ||   725
       Headbutt          |     8 |    25 |    79 |   123 ||   235
       Whip              |     5 |       |    57 |       ||    62
       Mace              |    11 |       |    43 |   193 ||   247
       Hand axe          |       |       |       |    51 ||    51
Throw: Throwing net      |     2 |     1 |       |       ||     3
       Dart              |       |     1 |       |     4 ||     5
Evoke: Lightning rod     |       |       |       |     3 ||     3
  Use: Scroll            |     4 |     3 |     7 |     3 ||    17
       Potion            |     2 |     3 |     2 |     9 ||    16
 Stab: Sleeping          |     1 |       |       |       ||     1
       Distracted        |       |       |     2 |       ||     2
  Eat: Ration            |     1 |     1 |     5 |     7 ||    14
       Chunk             |       |     2 |    13 |       ||    15
Armor: Leather armour    |    13 |       |     8 |       ||    21
       Robe              |     3 |     9 |     9 |       ||    21
       Chain mail        |       |     7 |    49 |    39 ||    95
       Ring mail         |       |       |     6 |       ||     6
       Scale mail        |       |       |     4 |    23 ||    27
       Plate armour      |       |       |       |    95 ||    95
       Skin              |       |       |       |     4 ||     4
Dodge: Dodged            |    77 |    88 |   248 |   319 ||   732
